 Dungeon Crawl Stone Soup version 0.28.0-53-g5a82cb258f (webtiles) character file.

Game seed: 8407182791910234280

4448 CryoSword the Grappler (level 10, 0/118 HPs)
             Began as a Demonspawn Fighter on May 26, 2022.
             Shot with an arrow by a centaur warrior (15 damage)
             ... on level 8 of the Dungeon.
             The game lasted 00:14:48 (9247 turns).

CryoSword the Grappler (Demonspawn Fighter)         Turns: 9247, Time: 00:14:49

Health: 0/118      AC: 29    Str: 24    XL:     10   Next: 15%
Magic:  11/11      EV:  2    Int: 17    God:
Gold:   34         SH: 10    Dex: 14    Spells: 11/11 levels left

rFire   . . .      SeeInvis .     - Unarmed
rCold   . . .      Faith    .   c - +0 buckler
rNeg    . . .      Spirit   .   (armour currently unavailable)
rPois   +          Reflect  .   (helmet currently unavailable)
rElec   .          Harm     .   (cloak currently unavailable)
rCorr   .          Rampage  .   (gloves currently unavailable)
Will    .....      NoTele   +   (boots currently unavailable)
Stlth   ++........              a - amulet of magic regeneration
HPRegen 0.29/turn               n - +6 ring of strength
MPRegen 0.52/turn               G - +4 ring of protection

@: brilliant, tree-form, hasted, very quick
A: stationary, stasis, torment immunity, boosted hp, (claws 2), powered by death
1, big brain 3, condensation shield
a: no special abilities


You were on level 8 of the Dungeon.
You were a tree.
You visited 2 branches of the dungeon, and saw 9 of its levels.

You collected 435 gold pieces.
You spent 401 gold pieces at shops.

Inventory:

Hand Weapons
 J - a +4 scimitar of flaming
   (You took it off Erica on level 8 of the Dungeon)
Missiles
 k - 6 atropa-tipped darts
 s - 5 datura-tipped darts
 u - 10 poisoned darts
Armour
 c - a +0 buckler (worn)
 f - a +0 tower shield
   (You found it on level 1 of the Dungeon)
 m - a +0 helmet (melded)
   (You took it off Robin on level 2 of the Dungeon)
 o - a +2 pair of boots (melded)
   (You found it on level 3 of the Dungeon)
 t - +0 steam dragon scales (melded)
   (You found it on level 8 of the Dungeon)
 H - a +0 cloak (melded)
   (You found it on level 7 of the Dungeon)
Jewellery
 a - an amulet of magic regeneration (around neck)
   (You found it on level 1 of the Dungeon)
 n - a +6 ring of strength (left branch)
   (You found it on level 2 of the Dungeon)
 B - a ring of wizardry
   (You found it on level 5 of the Dungeon)
 C - a ring of magical power
   (You found it on level 5 of the Dungeon)
 G - a +4 ring of protection (right branch)
   (You found it on level 7 of the Dungeon)
Wands
 d - a wand of iceblast (5)
   (You found it on level 7 of the Dungeon)
 r - a wand of paralysis (4) (quivered)
   (You found it on level 4 of the Dungeon)
 x - a wand of acid (21)
   (You found it on level 5 of the Dungeon)
Scrolls
 b - a scroll of immolation {unknown}
 e - a scroll of silence
 g - 7 scrolls of identify {@r1}
 j - a scroll of magic mapping
 l - 3 scrolls of fog
 w - 2 scrolls of amnesia
 y - 4 scrolls of teleportation {@r4}
 K - a scroll of blinking
Potions
 i - 2 potions of curing {@q1}
 p - a potion of attraction {unknown}
 q - a potion of cancellation {unknown}
 v - 2 potions of lignification {!q}
 z - a potion of berserk rage {unknown}
 A - 3 potions of brilliance
 D - a potion of heal wounds {unknown}
 F - 4 potions of flight


   Skills:
 + Level 7.5 Fighting
 - Level 2.2 Axes
 - Level 2.6 Armour
 + Level 1.0 Stealth
 + Level 6.8 Shields
 * Level 10.0 Unarmed Combat
 + Level 1.2 Spellcasting


You had 11 spell levels left.
You didn't know any spells.
Your spell library contained the following spells:

 Spells                   Type           Power      Damage    Failure   Level
 Sandblast                Erth           2%         2d4       11%         1
 Shock                    Conj/Air       4%         1d3       11%         1
 Ensorcelled Hibernation  Hex/Ice        2%         N/A       16%         2
 Passwall                 Tmut/Erth      0%         N/A       16%         2
 Spider Form              Tmut/Pois      1%         N/A       32%         3
 Stone Arrow              Conj/Erth      2%         3d7       32%         3
 Swiftness                Air            1%         N/A       32%         3
 Airstrike                Air            0%         N/A       69%         4
 Anguish                  Hex/Necr       0%         N/A       69%         4


Dungeon Overview and Level Annotations

Branches:
Dungeon (8/15)             Temple (1/1) D:6
   Lair: D:8-11

Altars:
Cheibriados
Dithmenos
Elyvilon
Fedhas
Gozag
Hepliaklqana
Nemelex Xobeh
Okawaru
Qazlal
Trog
Uskayaw
Vehumet
Xom
Yredelemnul
Zin
The Shining One

Shops:
D:2 [?(!(   D:3 *


Innate Abilities, Weirdness & Mutations

You are a tree.
Your roots penetrate the ground, keeping you stationary.
You cannot be teleported.
You are immune to unholy pain and torment.
Your maximum health is greatly increased.
Your equipment is partially melded.
((You have very sharp fingernails.))
You regenerate a little health from kills.
You have an absolutely massive brain. (Int +6, Wiz)
A meltable shield of frost defends you. (SH +4)


Message History

You hear two shouts!
There are monsters nearby!
There are monsters nearby!
Things that are here:
a +0 dagger; a +2 robe of willpower
There is an open door here.
There is a stone staircase leading up here.
Found a shadowy altar of Dithmenos.
There is an open gate here.
There is an open gate here.
You open the gate.
Found a hide-covered altar of Uskayaw.
There is an open gate here.
There is a stone staircase leading up here.
A necrophage comes into view.
You barely miss the necrophage.
You scratch the necrophage but do no damage.
You block the necrophage's attack.
You scratch the necrophage but do no damage.
The necrophage hits you but does no damage.
You claw the necrophage! You block the necrophage's attack.
You closely miss the necrophage.
The necrophage hits you but does no damage.
You scratch the necrophage. The necrophage barely misses you.
You closely miss the necrophage. You claw the necrophage!
You destroy the necrophage!
No target in view!
There is an open door here.
There is a fountain of sparkling water here.
An orc wizard is nearby!
The orc wizard shouts!
The orc shouts!
The orc wizard points at you and mumbles some strange words.
The magic dart hits you but does no damage.
There is an open door here.
You block the orc wizard's attack.
You barely miss the orc wizard.
The orc shouts!
The orc wizard barely misses you.
You completely miss the orc wizard. You completely miss the orc.
The orc hits you but does no damage.
You claw the orc!
You kill the orc!
The orc barely misses you.
The orc wizard casts a spell.
The orc wizard flickers and vanishes!
Deactivating autopickup; reactivate with Ctrl-A.
You mangle the orc!!
You kill the orc!
No target in view!
No target in view!
No target in view!
You barely miss something. You closely miss something.
Something hits you but does no damage.
You miss something. Something hits you but does no damage.
You closely miss something. Something hits you but does no damage.
You miss something. Something hits you but does no damage.
You claw something!
Reactivating autopickup.
You feel a bit more experienced.
Items here: ( )) [[ †.
Items here: ( )) [[ †.
(D) Dungeon (T) Temple
Where to? (Enter - D:8 @ (x,y), ? - help)
F - 5 fizzy dark potions (gained 1)
You see here a +0 dagger.
You see here 15 bolts.
A slime creature comes into view.
The slime creature quivers.
You completely miss the slime creature. You block the slime creature's attack.
You claw the slime creature! The slime creature hits you!
You barely miss the slime creature.
The slime creature hits you but does no damage.
You scratch the slime creature. The slime creature hits you!
You claw the slime creature!
The centaur warrior shouts!
You claw the slime creature!
The centaur warrior shoots an arrow.
You block the arrow. You block the slime creature's attack.
The centaur warrior shoots an arrow.
The arrow closely misses you.
You claw the slime creature! The slime creature misses you.
The centaur warrior shoots an arrow.
You block the arrow.
You mangle the slime creature!!
You kill the slime creature!
Your Unarmed Combat skill increases to level 10!
Your Spellcasting skill increases to level 1!
The centaur warrior shoots an arrow.
You block the arrow.
The centaur warrior shoots an arrow.
The arrow hits you!
A shadow comes into view.
You closely miss the centaur warrior.
The centaur warrior unwields a +0 longbow.
The centaur warrior hits you.
The centaur warrior kicks you but does no damage.
You scratch the centaur warrior. You block the centaur warrior's attack.
The centaur warrior kicks you but does no damage.
You scratch the centaur warrior.
The centaur warrior hits you but does no damage.
The centaur warrior barely misses you.
You claw the centaur warrior!
The shadow slips into darkness.
The shadow flickers and vanishes!
Deactivating autopickup; reactivate with Ctrl-A.
The centaur warrior hits you. The centaur warrior kicks you.
* * * LOW HITPOINT WARNING * * *
You claw the centaur warrior!
The centaur warrior hits you but does no damage.
You block the centaur warrior's attack.
You claw the centaur warrior! You block the centaur warrior's attack.
The centaur warrior kicks you but does no damage.
The centaur warrior hits you!
* * * LOW HITPOINT WARNING * * *
The centaur warrior closely misses you. The centaur warrior closely misses you.
The centaur warrior kicks you but does no damage.
The centaur warrior wields a +0 longbow.
The centaur warrior shoots an arrow.
The arrow hits you!
* * * LOW HITPOINT WARNING * * *
The shadow strikes at you from the darkness!
Reactivating autopickup.
The centaur warrior shoots an arrow.
The arrow hits you but does no damage.
You don't know any spells.
Unknown command.
Really quaff
v - 3 potions of lignification {!q}?
Really quaff the potion of lignification?
You turn into a tree.
Your +0 cloak melds into your body.
Your +0 helmet melds into your body.
Your +2 pair of boots melds into your body.
Your +0 steam dragon scales melds into your body.
Your roots penetrate the ground.
The shadow hits you.
You pummel the shadow!!
You destroy the shadow!
The centaur warrior shoots an arrow.
The arrow hits you!
* * * LOW HITPOINT WARNING * * *
Your Stealth skill increases to level 1!
It was a potion of flight.
Your roots keep you in place.
The centaur warrior shoots an arrow.
The arrow hits you but does no damage.
The centaur warrior shoots an arrow.
The arrow hits you but does no damage.
You hear a shout!
It was a potion of brilliance.
You feel clever all of a sudden.
The centaur warrior shoots an arrow.
The arrow hits you but does no damage.
It was a potion of haste.
You feel yourself speed up.
The centaur warrior shoots an arrow.
The arrow hits you!
* * * LOW HITPOINT WARNING * * *
The centaur warrior shoots an arrow.
The arrow barely misses you.
Okay, then.
Aim: a centaur warrior, wielding a +0 longbow and quivering arrows (heavily wounded, chance to affect: 31%)
The centaur warrior easily resists.
The centaur warrior shoots an arrow.
The arrow hits you!
You die...

...................#'''#.........
##.............##..#...#.........
................>..#._.#...#.....
##...........###...#...#...#.....
...............#...#####...#.....
...........................#.....
............#####................
#.......#...######.........#####'
#...............♣.c..c.....##..##
#........##.##..###........##..##
#..............###...#..<..#. #..
.............))##..........#.##..
............##.#.......###.'#..##
.........#####.).......# #.##..##
.........# ##........# #.#.##..
.........# ###.....## #.#. #..
.........# #.......###.##..##


You could see 2 centaur warriors.

Vanquished Creatures
  Erica (D:8)
  Pikel (D:5)
  A hornet (D:8)
  A slime creature (D:8)
  A shadow (D:8)
  Sigmund (D:4)
  2 steam dragons
  An ice beast (D:6)
  2 orc warriors (D:8)
  A sky beast (D:7)
  3 necrophages
  2 black bears
  4 ogres
  2 lemures (D:6)
  A phantom (D:5)
  3 bullfrogs
  3 scorpions
  4 wights (D:6)
  A centaur zombie (D:7)
  A hound (D:6)
  2 jellies
  3 bullfrog skeletons
  A gnoll shaman (D:7)
  Jessica (D:2)
  8 orc wizards
  A hound skeleton (D:4)
  A howler monkey zombie (D:8)
  Robin (D:2)
  6 adders
  8 gnolls
  A shadow imp (D:6)
  2 worms
  2 dart slugs
  14 orcs
  4 endoplasms
  2 giant cockroaches
  21 goblins
  11 hobgoblins
  2 quokkas
  6 ball pythons
  8 bats
  4 frilled lizards
  2 kobolds
  6 rats
153 creatures vanquished.

Vanquished Creatures (others)
  A fungus (D:8)
  A plant (D:3)
2 creatures vanquished.

Grand Total: 155 creatures vanquished

Notes
Turn   | Place    | Note
-------+----------+-------------------------------------------
     0 | D:1      | CryoSword the Demonspawn Fighter began the quest for the
                  | Orb.
     0 | D:1      | Reached XP level 1. HP: 18/18 MP: 1/1
    92 | D:1      | Gained mutation: You have sharp fingernails. [demonic
                  | ancestry]
    92 | D:1      | Reached XP level 2. HP: 16/24 MP: 2/2
   376 | D:1      | Reached skill level 1 in Unarmed Combat
   888 | D:1      | Gained mutation: You have an unusually large brain. (Int
                  | +2) [demonic ancestry]
   888 | D:1      | Reached XP level 3. HP: 20/29 MP: 3/3
  1161 | D:2      | Found Ebewenwas's Weapon Boutique.
  1170 | D:2      | Found Xacaozxi's Distillery.
  1220 | D:2      | Bought a potion of degeneration for 11 gold pieces
  1220 | D:2      | Bought a potion of curing for 33 gold pieces
  1230 | D:2      | Noticed Jessica
  1231 | D:2      | Found Qiahiebb's Antique Weapon Shop.
  1236 | D:2      | Killed Jessica
  1237 | D:2      | Reached skill level 2 in Unarmed Combat
  1313 | D:2      | You fall into a shaft and drop 1 floor!
  1368 | D:3      | Gained mutation: You regenerate a little health from kills.
                  | [demonic ancestry]
  1368 | D:3      | Reached XP level 4. HP: 35/35 MP: 4/4
  1454 | D:2      | Reached skill level 3 in Unarmed Combat
  1633 | D:2      | Noticed Robin
  1699 | D:2      | Killed Robin
  1775 | D:2      | Found Heschofi's Armour Shoppe.
  1968 | D:2      | Found Edgheceon's Magic Scroll Emporium.
  2126 | D:2      | HP: 1/35 [gnoll/+0 whip (7)]
  2128 | D:2      | Reached XP level 5. HP: 1/41 MP: 5/5
  2487 | D:3      | Found Utyenas's Assorted Antiques.
  2518 | D:3      | Reached skill level 4 in Unarmed Combat
  3050 | D:3      | Found a faded altar of an unknown god.
  3468 | D:4      | Gained mutation: You have very sharp fingernails. [demonic
                  | ancestry]
  3468 | D:4      | Reached XP level 6. HP: 25/47 MP: 6/6
  3608 | D:4      | Reached skill level 5 in Unarmed Combat
  3730 | D:4      | Noticed Sigmund
  3738 | D:4      | Killed Sigmund
  3739 | D:4      | Gained mutation: A meltable shield of frost defends you.
                  | (SH +4) [demonic ancestry]
  3739 | D:4      | Reached XP level 7. HP: 54/54 MP: 7/7
  4310 | D:5      | Entered Level 5 of the Dungeon
  4340 | D:5      | Reached skill level 6 in Unarmed Combat
  4900 | D:5      | Found a snail-covered altar of Cheibriados.
  4914 | D:5      | Found a sparkling altar of Nemelex Xobeh.
  5112 | D:5      | Found an opulent altar of Gozag.
  5185 | D:3      | Bought a blue potion for 22 gold pieces
  5185 | D:3      | Bought a scroll labelled YWUB PIDUPU for 25 gold pieces
  5185 | D:3      | Bought a scroll labelled UNYFUU WINAP for 25 gold pieces
  5247 | D:2      | Bought a scroll of identify for 28 gold pieces
  5276 | D:2      | Bought a potion of lignification for 33 gold pieces
  5305 | D:2      | Bought a scroll of fog for 28 gold pieces
  5444 | D:6      | Found a staircase to the Ecumenical Temple.
  5481 | D:6      | Reached XP level 8. HP: 52/61 MP: 8/8
  5542 | D:6      | Reached skill level 5 in Fighting
  5568 | D:5      | Reached skill level 7 in Unarmed Combat
  5961 | D:6      | Noticed Pikel
  6114 | D:5      | Killed Pikel
  6115 | D:5      | Reached skill level 5 in Shields
  6115 | D:5      | Reached skill level 8 in Unarmed Combat
  6215 | Temple   | Entered the Ecumenical Temple
  6297 | D:6      | Gained mutation: You have an extremely huge brain. (Int +4)
                  | [demonic ancestry]
  6297 | D:6      | Reached XP level 9. HP: 55/69 MP: 9/9
  6734 | D:2      | Bought a scroll of teleportation for 42 gold pieces
  7604 | D:8      | Reached skill level 9 in Unarmed Combat
  7780 | D:8      | Noticed a centaur warrior
  8055 | D:8      | Noticed Erica
  8088 | D:8      | Killed Erica
  8263 | D:2      | Bought a scroll of amnesia for 49 gold pieces
  8263 | D:2      | Bought a scroll of blinking for 105 gold pieces
  8974 | D:8      | Gained mutation: You have an absolutely massive brain. (Int
                  | +6, Wiz) [demonic ancestry]
  8974 | D:8      | Reached XP level 10. HP: 75/79 MP: 10/10
  9033 | D:8      | Noticed a cyan ugly thing
  9033 | D:8      | Noticed a centaur warrior
  9033 | D:8      | Noticed a gargoyle
  9056 | D:8      | Found a shadowy altar of Dithmenos.
  9061 | D:8      | Found a hide-covered altar of Uskayaw.
  9230 | D:8      | Reached skill level 10 in Unarmed Combat
  9230 | D:8      | Reached skill level 1 in Spellcasting
  9244 | D:8      | Reached skill level 1 in Stealth
  9247 | D:8      | Shot with an arrow by a centaur warrior

Illustrated notes

Levels and vault maps discovered:
D:1:      lightli_iron_boxes, layout_loops_cross, moated_statue
D:2:      layout_rooms, serial_shops, shop, nicolae_shop_trees, shop, shop,
          nicolae_shop_window_shopping, nicolae_concentric_dashed_squares_wild,
          uniq_jessica, uniq_robin
D:3:      layout_basic, serial_shops, nicolae_shop_overgrown_old_shop,
          chequers_ecumenical_altar_island, grunt_decor_cap
D:4:      layout_basic, nicolae_underground_beach, uniq_sigmund
D:5:      layout_basic, lemuel_coloured_pillars_altar, minitemple,
          minmay_misc_feat_hallway, skrybe_limestone_x
D:6:      layout_cave_pools, temple_fountains, minmay_checkerbox, uniq_pikel
D:7:      layout_loops_ring
D:8:      layout_rooms, mainiacjoe_overflow_brackets,
          mainiacjoe_overflow_big_doors, grunt_decor_resistance,
          minmay_fountain_box, corner_web_ring, minmay_the_grid_2x2
          [minmay_the_grid_minigrid_medium, minmay_the_grid_zigzag_pyramid,
          minmay_the_grid_fan, minmay_the_grid_prize_four_corners], uniq_erica
Temple:   eino_wide_crystal_templ

Skill      XL: |  1  2  3  4  5  6  7  8  9 10 |
---------------+-------------------------------+-----
Axes           | 2 |  2.2
Unarmed Combat | 1 2 3 4 5 6 8 9 10 | 10.0
Shields        | 3 4 5 6 |  6.8
Fighting       | 4 6 7 |  7.5
Spellcasting   | 1 |  1.2
Stealth        | 1 |  1.0
Armour         | |  2.6

Action                   |  1- 3 |  4- 6 |  7- 9 | 10-12 || total
-------------------------+-------+-------+-------+-------++-------
Melee: War axe           |    24 |       |       |       ||    24
       Unarmed           |    99 |   197 |   222 |    42 ||   560
Throw: Throwing net      |       |     1 |       |       ||     1
Evoke: Wand              |       |       |    12 |     1 ||    13
  Use: Scroll            |       |       |     5 |       ||     5
       Potion            |       |       |     1 |     4 ||     5
 Stab: Held in net/web   |       |     1 |       |       ||     1
       Paralysed         |       |       |     6 |       ||     6
       Sleeping          |       |       |       |     1 ||     1
Armor: Scale mail        |    62 |    87 |    82 |       ||   231
       Steam dragon scal |       |       |       |    19 ||    19
       Skin              |       |       |       |     4 ||     4
Dodge: Dodged            |    51 |    80 |    66 |    11 ||   208
Block: Buckler           |    25 |    39 |    71 |    11 ||   146
